[Event "Rated Blitz game"]
[Site "?"]
[Date "2021.10.29"]
[Round "?"]
[White "barbosean"]
[Black "Csibesz0519"]
[Result "0-1"]
[ECO "C42"]
[WhiteElo "2451"]
[BlackElo "2417"]
[PlyCount "98"]
[EventDate "2021.??.??"]
[EventType "blitz"]
[TimeControl "180"]

1. e4 e5 2. Nf3 Nf6 3. Nxe5 d6 4. Nxf7 Kxf7 5. Nc3 c5 6. f4 Bg4 7. Be2 Bxe2 8.
Qxe2 Nc6 9. Qc4+ Ke7 10. O-O Kd7 11. d3 a6 12. a4 Be7 13. f5 Ne5 14. Qb3 Kc8
15. a5 Nc6 16. Na4 Rb8 17. Bf4 Nd4 18. Nb6+ Kc7 19. Qc4 Ne2+ 20. Kh1 Nxf4 21.
Rxf4 Re8 22. b4 Nd7 23. Nd5+ Kc8 24. b5 Ne5 25. Qb3 Bf6 26. Rff1 Nd7 27. Rab1
Qxa5 28. bxa6 bxa6 29. Qc4 h6 30. c3 Nb6 31. Qb3 Bd8 32. d4 Bc7 33. Nxc7 Kxc7
34. Qf7+ Nd7 35. Rxb8 Rxb8 36. e5 Qb5 37. c4 Qb1 38. Rg1 Rf8 39. Qe7 Qxf5 40.
e6 Rd8 41. dxc5 Qxc5 42. Rd1 a5 43. h3 a4 44. Rd5 Qc6 45. Rb5 a3 46. Ra5 Qxc4
47. Ra7+ Kb6 48. Rxd7 Qf1+ 49. Kh2 Qf4+ {Time forfeit} 0-1

[Event "Rated Blitz game"]
[Site "?"]
[Date "2021.10.28"]
[Round "?"]
[White "DanielFCastro"]
[Black "adnansendur"]
[Result "0-1"]
[ECO "C42"]
[WhiteElo "2427"]
[BlackElo "2494"]
[PlyCount "46"]
[EventDate "2021.??.??"]
[EventType "blitz"]
[TimeControl "180"]

1. e4 e5 2. Nf3 Nf6 3. Nxe5 d6 4. Nxf7 Kxf7 5. Nc3 Qe8 6. Bc4+ Be6 7. Qe2 c5 8.
O-O Nc6 9. Nb5 Rc8 10. c3 a6 11. Na3 b5 12. Bxe6+ Qxe6 13. Re1 Re8 14. f3 d5
15. d3 c4 16. dxc4 bxc4 17. Be3 Bxa3 18. bxa3 dxe4 19. Rab1 Rb8 20. Bf4 Rxb1
21. Rxb1 Re8 22. Rb6 Qd5 23. fxe4 Rxe4 {Normal} 0-1

[Event "Rated Blitz game"]
[Site "?"]
[Date "2021.10.28"]
[Round "?"]
[White "VicenteMar"]
[Black "Brgy23"]
[Result "0-1"]
[ECO "C42"]
[WhiteElo "2418"]
[BlackElo "2412"]
[PlyCount "58"]
[EventDate "2021.??.??"]
[EventType "blitz"]
[TimeControl "180"]

1. e4 e5 2. Nf3 Nf6 3. Nxe5 d6 4. Nxf7 Kxf7 5. d3 Nc6 6. Be2 d5 7. f3 Bc5 8. c3
d4 9. c4 Rf8 10. O-O Kg8 11. a3 a5 12. f4 Nxe4 13. dxe4 d3+ 14. Kh1 dxe2 15.
Qxe2 Nd4 16. Qh5 b6 17. Nc3 Nb3 18. Rb1 Bb7 19. f5 Qd3 20. Bf4 Bxe4 21. Rbd1
Qxc4 22. Nxe4 Qxe4 23. Bxc7 Nd4 24. f6 Rxf6 25. Rxf6 gxf6 26. Rf1 Re8 27. h3
Rf8 28. Rf4 Qe1+ 29. Kh2 Ne2 {Normal} 0-1

[Event "Rated Blitz game"]
[Site "?"]
[Date "2021.10.28"]
[Round "?"]
[White "Chessibague"]
[Black "Antrazit"]
[Result "0-1"]
[ECO "C42"]
[WhiteElo "2498"]
[BlackElo "2512"]
[PlyCount "42"]
[EventDate "2021.??.??"]
[EventType "blitz"]
[TimeControl "180"]

1. e4 e5 2. Nf3 Nf6 3. Nxe5 d6 4. Nxf7 Kxf7 5. Nc3 Be6 6. d4 c6 7. f4 g6 8. Bd3
Bg7 9. O-O Re8 10. h3 Kg8 11. g4 Bf7 12. Be3 Nbd7 13. e5 Nd5 14. Nxd5 cxd5 15.
c4 dxe5 16. fxe5 dxc4 17. Rxf7 cxd3 18. Rf2 Nb6 19. Qxd3 Qd5 20. Qd2 Rad8 21.
Raf1 Nc4 {Normal} 0-1

[Event "Rated Blitz game"]
[Site "?"]
[Date "2021.10.28"]
[Round "?"]
[White "GrandeGila"]
[Black "Abanamatt"]
[Result "1-0"]
[ECO "C42"]
[WhiteElo "2509"]
[BlackElo "2449"]
[PlyCount "121"]
[EventDate "2021.??.??"]
[EventType "blitz"]
[TimeControl "180"]

1. e4 e5 2. Nf3 Nf6 3. Nxe5 d6 4. Nxf7 Kxf7 5. Bc4+ d5 6. exd5 Bd6 7. O-O Rf8
8. d4 Kg8 9. Bb3 b5 10. a4 b4 11. a5 Bb7 12. c4 bxc3 13. Nxc3 Ba6 14. Re1 Nbd7
15. f3 Re8 16. Bg5 Rxe1+ 17. Qxe1 Qe8 18. Qd2 Rb8 19. Ba2 Qg6 20. Re1 h6 21.
Bh4 Qd3 22. Qf2 Rb4 23. Bb1 Qxd4 24. Qxd4 Rxd4 25. Bf2 Rd2 26. Bxa7 Rxb2 27.
Ba2 Kf8 28. Rb1 Rxb1+ 29. Nxb1 Bc5+ 30. Bxc5+ Nxc5 31. Kf2 Nb7 32. Ke3 Nxa5 33.
Kd4 Nb7 34. Nc3 Ke7 35. h4 Nd6 36. Kc5 Bb7 37. g4 g5 38. hxg5 hxg5 39. Bb3 Nd7+
40. Kd4 Kf6 41. Bc2 Nb6 42. Be4 Ba6 43. Kc5 Bb7 44. Kd4 Nd7 45. Na4 Ba6 46. Nc3
Nb5+ 47. Nxb5 Bxb5 48. Bc2 Ba6 49. Bd1 Bc8 50. Kc4 Ne5+ 51. Kb5 Bd7+ 52. Kc5
Ke7 53. Be2 Nf7 54. Kd4 Kd6 55. Ke4 Ne5 56. Kd4 Ng6 57. Bd1 Be8 58. Ke4 Bf7 59.
Kf5 Ne5 60. Kxg5 Bxd5 61. f4 {Time forfeit} 1-0

[Event "Rated Blitz game"]
[Site "?"]
[Date "2021.10.28"]
[Round "?"]
[White "reda74"]
[Black "vit2014"]
[Result "0-1"]
[ECO "C42"]
[WhiteElo "2413"]
[BlackElo "2460"]
[PlyCount "144"]
[EventDate "2021.??.??"]
[EventType "blitz"]
[TimeControl "300"]

1. e4 e5 2. Nf3 Nf6 3. Nxe5 d6 4. Nxf7 Kxf7 5. Bc4+ Be6 6. Bxe6+ Kxe6 7. c3 Kd7
8. O-O Kc8 9. d4 Nbd7 10. Re1 Be7 11. Nd2 a5 12. f4 Re8 13. e5 Nd5 14. Nf3 Rf8
15. g3 N7b6 16. a3 a4 17. Qc2 c6 18. c4 Nc7 19. Be3 d5 20. c5 Nc4 21. Bf2 g6
22. b3 axb3 23. Qxb3 Qd7 24. a4 Ne6 25. Reb1 Qc7 26. Kg2 Ra7 27. Be1 Bd8 28. h3
Qd7 29. Ra2 Ba5 30. Bxa5 Rxa5 31. Nd2 Nxd2 32. Rxd2 Qc7 33. Qb4 Ra7 34. Rdb2
Rf7 35. h4 Qa5 36. Ra2 Qxb4 37. Rxb4 Ra5 38. Rf2 h5 39. Kf3 Kc7 40. Ke3 Ng7 41.
Kd3 Nf5 42. Rf3 Re7 43. Kc3 Re8 44. Kb3 Rea8 45. Ka3 R8a6 46. Rfb3 Ra7 47. Rd3
R5a6 48. Rdb3 Ng7 49. Rb1 Ne6 50. R1b3 Ra5 51. Rb2 Nxd4 52. Rxd4 Rxc5 53. Kb4
b6 54. Rf2 Rca5 55. Kb3 c5 56. Rxd5 Rxa4 57. Rd6 Rb4+ 58. Kc3 Ra3+ 59. Kd2 Ra2+
60. Ke3 Rb3+ 61. Ke4 Rxf2 62. Rxg6 c4 63. f5 c3 64. Rg7+ Kc6 65. Rg8 c2 66.
Rc8+ Kb7 67. Rc4 Rb4 68. Rxb4 c1=Q 69. e6 Qc6+ 70. Ke5 Qc5+ 71. Kf6 Qxb4 72. e7
Re2 {Time forfeit} 0-1

[Event "Rated Blitz game"]
[Site "?"]
[Date "2021.10.27"]
[Round "?"]
[White "Dimon-Sorokin"]
[Black "d-pawn"]
[Result "1-0"]
[ECO "C42"]
[WhiteElo "2560"]
[BlackElo "2561"]
[PlyCount "99"]
[EventDate "2021.??.??"]
[EventType "blitz"]
[TimeControl "180"]

1. e4 e5 2. Nf3 Nf6 3. Nxe5 d6 4. Nxf7 Kxf7 5. d4 c5 6. Nc3 cxd4 7. Qxd4 Be6 8.
Bg5 Nc6 9. Qd2 h6 10. Bxf6 Qxf6 11. O-O-O g5 12. g3 g4 13. Be2 Qg5 14. h3 Qxd2+
15. Rxd2 gxh3 16. f4 h5 17. Kb1 Be7 18. f5 Bd7 19. Rxh3 Rag8 20. Bc4+ Kf8 21.
Bxg8 Rxg8 22. Rxh5 Rxg3 23. a3 Be8 24. Rh8+ Rg8 25. Rxg8+ Kxg8 26. Nd5 Bd8 27.
Nf4 Be7 28. Nd5 Kf7 29. Rh2 Kg7 30. Rg2+ Kf8 31. Rh2 Bf7 32. Rh8+ Kg7 33. Ra8
Bd8 34. b4 a6 35. c4 Bg5 36. Kc2 Bxd5 37. cxd5 Ne5 38. Rb8 b5 39. Rb6 Nc4 40.
Rxa6 Bf4 41. Kd3 Kf6 42. Ra8 Bc1 43. Rb8 Nxa3 44. Ke2 Bf4 45. Kf3 Be5 46. Kg4
Nc2 47. Rf8+ Ke7 48. Rb8 Nxb4 49. Rxb5 Kf6 50. Rxb4 {Normal} 1-0

[Event "Rated Blitz game"]
[Site "?"]
[Date "2021.10.27"]
[Round "?"]
[White "daniel_piza"]
[Black "klingandhorwitz"]
[Result "0-1"]
[ECO "C42"]
[WhiteElo "2235"]
[BlackElo "2413"]
[PlyCount "92"]
[EventDate "2021.??.??"]
[EventType "blitz"]
[TimeControl "180+2"]

1. e4 e5 2. Nf3 Nf6 3. Nxe5 d6 4. Nxf7 Kxf7 5. Nc3 c5 6. Bc4+ Be6 7. Bxe6+ Kxe6
8. O-O Nc6 9. f4 Be7 10. b3 Rf8 11. Bb2 Kf7 12. e5 Ne8 13. Qh5+ Kg8 14. Nd5 Nd4
15. Rae1 Nxc2 16. Nxe7+ Qxe7 17. exd6 Qxd6 18. Re5 Nf6 19. Qg5 Qxd2 20. Re7 Rf7
21. Bxf6 Rxe7 22. Bxe7 Ne3 23. Bf6 Qxg2+ 24. Qxg2 Nxg2 25. Bb2 Nh4 26. Rd1 Nf5
27. Rd7 b6 28. Kf2 g6 29. Be5 a6 30. Kf3 b5 31. Ke4 c4 32. bxc4 bxc4 33. Rc7
Rd8 34. Rxc4 Rd2 35. Rc8+ Kf7 36. Rc7+ Ke6 37. Rxh7 Re2+ 38. Kd3 Rxa2 39. Ra7
Rxh2 40. Rxa6+ Kd5 41. Rxg6 Rh3+ 42. Ke2 Ke4 43. Ra6 Rh2+ 44. Ke1 Ne3 45. Ra4+
Kf3 46. Ra3 Re2# {Normal} 0-1

[Event "Rated Blitz game"]
[Site "?"]
[Date "2021.10.27"]
[Round "?"]
[White "Slahiraqi"]
[Black "jamshah12345"]
[Result "0-1"]
[ECO "C42"]
[WhiteElo "2314"]
[BlackElo "2419"]
[PlyCount "110"]
[EventDate "2021.??.??"]
[EventType "blitz"]
[TimeControl "300"]

1. e4 e5 2. Nf3 Nf6 3. Nxe5 d6 4. Nxf7 Kxf7 5. Bc4+ Be6 6. Bxe6+ Kxe6 7. c3 Kd7
8. O-O Kc8 9. Re1 Nc6 10. d4 b6 11. Bg5 h6 12. Bh4 g5 13. Bg3 Kb7 14. Nd2 Bg7
15. b4 Qd7 16. a4 a5 17. b5 Ne7 18. Qf3 Ka7 19. e5 dxe5 20. Bxe5 Rhf8 21. c4
Nfd5 22. Qh5 Bxe5 23. Rxe5 Nb4 24. Qxh6 Qxd4 25. Rae1 Qxf2+ 26. Kh1 Qxd2 27.
Rxe7 Rac8 28. Qg7 Kb7 29. h3 Rf2 30. Rg1 Nd3 31. Rd7 Qe3 32. Qc3 Rxg2 33. Rxg2
Nf2+ 34. Rxf2 Qxc3 35. Rff7 Qxh3+ 36. Kg1 Qg4+ 37. Kf2 Qxc4 38. Kg3 Qxa4 39.
Rg7 Qxb5 40. Kg4 Qxd7+ 41. Rxd7 a4 42. Kxg5 a3 43. Kf4 a2 44. Rd1 Ra8 45. Ra1
b5 46. Ke3 c5 47. Kd3 c4+ 48. Kc3 Kb6 49. Kb4 Ra4+ 50. Kc3 Kc5 51. Kb2 b4 52.
Kc2 b3+ 53. Kb2 Kb4 54. Rh1 c3+ 55. Ka1 b2# {Normal} 0-1

[Event "Rated Blitz game"]
[Site "?"]
[Date "2021.10.27"]
[Round "?"]
[White "Vadim_Yumakhuzhin"]
[Black "naborjs"]
[Result "0-1"]
[ECO "C42"]
[WhiteElo "2401"]
[BlackElo "2339"]
[PlyCount "92"]
[EventDate "2021.??.??"]
[EventType "blitz"]
[TimeControl "180"]

1. e4 e5 2. Nf3 Nf6 3. Nxe5 d6 4. Nxf7 Kxf7 5. d4 Nc6 6. Bc4+ d5 7. exd5 Nxd5
8. Qf3+ Ke6 9. Qe4+ Kf6 10. Qxd5 Qxd5 11. Bxd5 Nxd4 12. Bb3 Bb4+ 13. c3 Re8+
14. Kf1 Bf5 15. Be3 Bd3+ 16. Ke1 Ba5 17. Kd2 Nxb3+ 18. axb3 Rad8 19. Bd4+ Rxd4
20. Rxa5 Re2+ 21. Kc1 Rde4 22. Na3 Rxf2 23. g3 Ree2 24. Rd1 Ba6 25. Nc4 Rc2+
26. Kb1 Bxc4 27. bxc4 Rxb2+ 28. Ka1 Rbc2 29. Rxa7 Rxc3 30. Rxb7 Rxc4 31. Rd3
Rc1+ 32. Rb1 Rxb1+ 33. Kxb1 Rxh2 34. Kc1 g5 35. Kd1 h5 36. Ke1 Rc2 37. Kf1 h4
38. gxh4 gxh4 39. Ra3 h3 40. Rxh3 Ke5 41. Rh4 c5 42. Ke1 Ra2 43. Kd1 Kd5 44.
Kc1 c4 45. Rh8 Kd4 46. Rd8+ Kc3 {Time forfeit} 0-1

[Event "Rated Blitz game"]
[Site "?"]
[Date "2021.10.26"]
[Round "?"]
[White "Kamaldaoudi"]
[Black "sarenka_czaruje_69"]
[Result "0-1"]
[ECO "C42"]
[WhiteElo "2379"]
[BlackElo "2478"]
[PlyCount "26"]
[EventDate "2021.??.??"]
[EventType "blitz"]
[TimeControl "180"]

1. e4 e5 2. Nf3 Nf6 3. Nxe5 d6 4. Nxf7 Kxf7 5. d4 c5 6. Bc4+ Be6 7. Bxe6+ Kxe6
8. d5+ Kf7 9. Nc3 Nbd7 10. O-O Be7 11. f4 Re8 12. e5 dxe5 13. fxe5 Nxe5 {
Time forfeit} 0-1

[Event "Rated Blitz game"]
[Site "?"]
[Date "2021.10.26"]
[Round "?"]
[White "pashpawn"]
[Black "Der_Junge"]
[Result "0-1"]
[ECO "C42"]
[WhiteElo "2469"]
[BlackElo "2446"]
[PlyCount "112"]
[EventDate "2021.??.??"]
[EventType "blitz"]
[TimeControl "180"]

1. e4 e5 2. Nf3 Nf6 3. Nxe5 d6 4. Nxf7 Kxf7 5. d4 Be7 6. Bd3 Re8 7. O-O Kg8 8.
Nc3 Bg4 9. f3 Bh5 10. Qe1 Bg6 11. Qg3 Nc6 12. Be3 Nh5 13. Qf2 Kh8 14. g4 Nf6
15. h4 Rf8 16. Qg2 Nd7 17. h5 Bf7 18. f4 Nb6 19. Qh3 Bc4 20. g5 Bxd3 21. cxd3
Qd7 22. f5 Kg8 23. h6 g6 24. Kg2 gxf5 25. exf5 Kh8 26. g6 Bf6 27. Ne4 hxg6 28.
fxg6 Qxh3+ 29. Kxh3 Bg7 30. hxg7+ Kxg7 31. Rxf8 Rxf8 32. Kg4 Kxg6 33. Rg1 Nd5
34. Bd2 Nxd4 35. Kh3+ Kf7 36. Ng5+ Ke8 37. Re1+ Kd7 38. Bc3 Nf3 39. Nxf3 Rxf3+
40. Kg4 Rxd3 41. Bg7 a5 42. a3 b5 43. Kg5 Rf3 44. Rh1 b4 45. Rh7 Kc6 46. a4 Nb6
47. Bf6 Rg3+ 48. Kf4 Rg2 49. Bd8 Rxb2 50. Rxc7+ Kd5 51. Rb7 Nc4 52. Bxa5 Nxa5
53. Rb5+ Kc4 54. Rxa5 Re2 55. Kf3 Re8 56. Ra6 d5 {Time forfeit} 0-1

[Event "Rated Blitz game"]
[Site "?"]
[Date "2021.10.26"]
[Round "?"]
[White "peaudepaillator"]
[Black "sabke"]
[Result "0-1"]
[ECO "C42"]
[WhiteElo "2608"]
[BlackElo "2676"]
[PlyCount "126"]
[EventDate "2021.??.??"]
[EventType "blitz"]
[TimeControl "180"]

1. e4 e5 2. Nf3 Nf6 3. Nxe5 d6 4. Nxf7 Kxf7 5. d4 c5 6. Nc3 cxd4 7. Qxd4 Nc6 8.
Bc4+ Be6 9. Bxe6+ Kxe6 10. Qc4+ Ke7 11. O-O Ne5 12. Qe2 Ke8 13. f4 Neg4 14. h3
Qb6+ 15. Kh1 Nh6 16. Be3 Qxb2 17. Nb5 Rc8 18. e5 Ne4 19. Qf3 d5 20. Nd4 g6 21.
f5 g5 22. Qh5+ Kd7 23. Rf3 Qxa1+ 24. Kh2 Qxa2 25. f6 Kc7 26. e6 Bd6+ 27. Kh1
Qa1+ 28. Bg1 Ng3+ 29. Rxg3 Bxg3 30. Qxh6 Bf2 31. Nf3 Bxg1 32. Nxg1 Qe5 33. Nf3
Qxe6 34. Nxg5 Qe1+ 35. Kh2 Qe5+ 36. Kh1 Rhg8 37. Nf3 Qa1+ 38. Kh2 Rcf8 39. Qf4+
Kc8 40. f7 Rg7 41. Ne5 b6 42. Qf5+ Kb7 43. Qd7+ Ka6 44. Qe7 Rgxf7 45. Nxf7 Qg7
46. Qa3+ Kb7 47. Nd6+ Kc6 48. Nf5 Qe5+ 49. Ng3 Rf4 50. Qe7 Qxe7 51. Kg1 Qd6 52.
Ne4 Qc5+ 53. Nxc5 Kxc5 54. Kh2 Rc4 55. Kg3 Rxc2 56. h4 Rxg2+ 57. Kxg2 d4 58.
Kf3 a5 59. Kf4 a4 60. Ke4 a3 61. Ke5 a2 62. Ke6 a1=Q 63. Ke7 Qc3 {Time forfeit}
0-1

[Event "Rated Blitz game"]
[Site "?"]
[Date "2021.10.26"]
[Round "?"]
[White "Mlchael"]
[Black "littleplotkin"]
[Result "1-0"]
[ECO "C42"]
[WhiteElo "2880"]
[BlackElo "2737"]
[PlyCount "123"]
[EventDate "2021.??.??"]
[EventType "blitz"]
[TimeControl "180"]

1. e4 e5 2. Nf3 Nf6 3. Nxe5 d6 4. Nxf7 Kxf7 5. d4 Be7 6. Bc4+ d5 7. exd5 Bd6 8.
O-O Rf8 9. Be2 Kg8 10. c4 b6 11. Nc3 Bf5 12. Bg5 Nbd7 13. h3 Qe8 14. Kh1 Qg6
15. Be3 Rae8 16. a3 Ne4 17. Nxe4 Bxe4 18. Rg1 Nf6 19. c5 Nxd5 20. cxd6 Nxe3 21.
fxe3 Qg3 22. Bc4+ Kh8 23. Qg4 Qxg4 24. hxg4 cxd6 25. Rgf1 g5 26. Kh2 Kg7 27.
Kg3 Rc8 28. Bb3 Bg6 29. Rxf8 Rxf8 30. Rc1 Re8 31. Rc7+ Kh6 32. Kf2 Rf8+ 33. Ke2
Be4 34. Rxa7 Bxg2 35. Bc2 Bf3+ 36. Kd2 Rh8 37. Bf5 d5 38. Rb7 Be4 39. Rxb6+ Kg7
40. Rb7+ Kf6 41. Rb6+ Kf7 42. Bxe4 dxe4 43. Rh6 Kg7 44. Rh1 Rf8 45. Rh2 Rf1 46.
b4 Ra1 47. Kc3 Rxa3+ 48. Kc4 Rxe3 49. Rb2 Rf3 50. b5 Rf8 51. b6 h5 52. gxh5 g4
53. b7 Rb8 54. d5 Kf6 55. Kd4 Kf5 56. h6 g3 57. h7 Kf4 58. h8=Q Rxh8 59. b8=Q+
Rxb8 60. Rxb8 g2 61. Rg8 Kf3 62. Rxg2 {Normal} 1-0

[Event "Rated Blitz game"]
[Site "?"]
[Date "2021.10.25"]
[Round "?"]
[White "KaptenEvans"]
[Black "Konevoyazher"]
[Result "0-1"]
[ECO "C42"]
[WhiteElo "2400"]
[BlackElo "2347"]
[PlyCount "76"]
[EventDate "2021.??.??"]
[EventType "blitz"]
[TimeControl "180"]

1. e4 e5 2. Nf3 Nf6 3. Nxe5 d6 4. Nxf7 Kxf7 5. d4 c5 6. dxc5 Qa5+ 7. Nc3 Qxc5
8. Be3 Qa5 9. Bc4+ d5 10. exd5 Bd6 11. O-O Re8 12. Nb5 Ne4 13. Qh5+ Kf8 14.
Qxh7 a6 15. Nxd6 Nxd6 16. Bb3 Bf5 17. Qh8+ Kf7 18. Qh5+ Bg6 19. Qf3+ Kg8 20. c4
Nd7 21. Qg3 Ne5 22. c5 Ne4 23. d6+ Kf8 24. Qf4+ Nf6 25. Bd4 Ned7 26. g4 Re4 27.
Qf3 Rxd4 28. h3 Qxc5 29. Qxb7 Rd8 30. Rac1 Qxd6 31. Qf3 Be4 32. Qe3 Rd3 33. Qg5
Rxh3 34. f4 Rg3+ 35. Kh2 Rxg4 36. Rcd1 Qc7 37. Qa5 Qxa5 38. Rfe1 Qh5# {Normal}
0-1

[Event "Rated Blitz game"]
[Site "?"]
[Date "2021.10.25"]
[Round "?"]
[White "Mrs_INSTAXAMKA"]
[Black "renavacio90"]
[Result "0-1"]
[ECO "C42"]
[WhiteElo "2435"]
[BlackElo "2462"]
[PlyCount "136"]
[EventDate "2021.??.??"]
[EventType "blitz"]
[TimeControl "180"]

1. e4 e5 2. Nf3 Nf6 3. Nxe5 d6 4. Nxf7 Kxf7 5. d4 c5 6. Nc3 Nc6 7. Bc4+ d5 8.
Nxd5 b5 9. Bxb5 Qa5+ 10. Nc3 Nxd4 11. Bc4+ Be6 12. Bxe6+ Kxe6 13. e5 Kxe5 14.
O-O Kd6 15. Rb1 Qa6 16. b4 Qc4 17. bxc5+ Kc6 18. Be3 Bxc5 19. Bxd4 Bxd4 20.
Qf3+ Nd5 21. Nxd5 Qxd5 22. Qg4 Rab8 23. c4 Qc5 24. Qe4+ Kc7 25. Rbd1 Rhd8 26.
Rde1 Rb2 27. Qf4+ Kc8 28. g3 Rf8 29. Qg4+ Kc7 30. Re4 Bxf2+ 31. Kg2 Bd4+ 32.
Kh3 Rxf1 33. Rxd4 Qf5 34. Qxf5 Rxf5 35. Rg4 g6 36. Rh4 h5 37. Re4 Rc2 38. Re7+
Kb6 39. Re6+ Kc5 40. Rxg6 Rxc4 41. Ra6 Rf7 42. Ra5+ Kd4 43. Rxh5 a6 44. Rh4+
Kc3 45. Rh5 Kd2 46. Ra5 Rc2 47. Rd5+ Ke1 48. Re5+ Kf1 49. Kg4 Kg1 50. h4 Rh2
51. h5 Rg2 52. Rc5 Rg7+ 53. Kf5 R7xg3 54. Rc1+ Kh2 55. Rc4 Rg5+ 56. Kf6 R5g4
57. Kf7 Rxc4 58. Kf6 Rc7 59. Ke5 Rc6 60. Kd5 Rc5+ 61. Ke4 Rxh5 62. Kd3 Rh4 63.
Ke3 Rg3+ 64. Kf2 Kh3 65. Ke1 Rhg4 66. Kd2 Rf4 67. Ke2 Rg2+ 68. Ke1 Rf1+ {
Time forfeit} 0-1

[Event "Rated Blitz game"]
[Site "?"]
[Date "2021.10.24"]
[Round "?"]
[White "DaVy_JoneSS-1703"]
[Black "david_gomez"]
[Result "0-1"]
[ECO "C42"]
[WhiteElo "2588"]
[BlackElo "2617"]
[PlyCount "50"]
[EventDate "2021.??.??"]
[EventType "blitz"]
[TimeControl "180"]

1. e4 e5 2. Nf3 Nf6 3. Nxe5 d6 4. Nxf7 Kxf7 5. d4 Nxe4 6. Qh5+ g6 7. Qd5+ Be6
8. Qxe4 Bg7 9. Bd3 Nc6 10. d5 Re8 11. O-O Bf5 12. Qf4 Nd4 13. Be3 Be5 14. Qh6
Bg7 15. Qf4 Be5 16. Qh6 Bxd3 17. cxd3 Nf5 18. Qxh7+ Bg7 19. Qh3 Bxb2 20. Nd2
Bxa1 21. Rxa1 Qf6 22. Rf1 Rh8 23. Qf3 Nxe3 24. Qxe3 Qe5 25. Ne4 Qxh2# {Normal}
0-1

[Event "Rated Blitz game"]
[Site "?"]
[Date "2021.10.24"]
[Round "?"]
[White "TheMachucaRook"]
[Black "adnansendur"]
[Result "1/2-1/2"]
[ECO "C42"]
[WhiteElo "2374"]
[BlackElo "2419"]
[PlyCount "59"]
[EventDate "2021.??.??"]
[EventType "blitz"]
[TimeControl "180"]

1. e4 e5 2. Nf3 Nf6 3. Nxe5 d6 4. Nxf7 Kxf7 5. Nc3 Qe8 6. Bc4+ Be6 7. Bxe6+
Qxe6 8. O-O c5 9. f4 Nc6 10. d3 Be7 11. f5 Qd7 12. g4 h6 13. Kh1 d5 14. g5 hxg5
15. Bxg5 dxe4 16. dxe4 Qxd1 17. Raxd1 Ng4 18. Bf4 Rh3 19. Rd2 Rah8 20. Rg2 Nce5
21. Nd5 Bf6 22. c3 R8h4 23. Kg1 b6 24. Bg3 Rh8 25. Nf4 R3h7 26. Rd2 Ne3 27.
Rff2 N3g4 28. Rf1 Ne3 29. Rff2 N3g4 30. Rf1 {Normal} 1/2-1/2

[Event "Rated Blitz game"]
[Site "?"]
[Date "2021.10.24"]
[Round "?"]
[White "BombaLeila"]
[Black "sarenka_czaruje_69"]
[Result "1/2-1/2"]
[ECO "C42"]
[WhiteElo "2444"]
[BlackElo "2493"]
[PlyCount "173"]
[EventDate "2021.??.??"]
[EventType "blitz"]
[TimeControl "180"]

1. e4 e5 2. Nf3 Nf6 3. Nxe5 d6 4. Nxf7 Kxf7 5. Bc4+ Be6 6. Qe2 Bxc4 7. Qxc4+ d5
8. Qb3 b6 9. Nc3 c6 10. O-O Bc5 11. d3 Re8 12. Bg5 Bd4 13. Bxf6 Bxf6 14. exd5
Kf8 15. dxc6 Nxc6 16. Ne4 Nd4 17. Qa4 b5 18. Qb4+ Qe7 19. Qd2 Kg8 20. c3 Nf5
21. Qf4 Qe5 22. Qg4 Rad8 23. Rad1 Nh6 24. Qh3 Qf5 25. Nxf6+ Qxf6 26. d4 Re2 27.
b3 Rxa2 28. Qd3 Qf5 29. d5 Qxd3 30. Rxd3 Rb2 31. b4 Nf5 32. g4 Nd6 33. Kg2 Re8
34. Kg3 Rc2 35. Rfd1 Rxc3 36. Rxc3 Ne4+ 37. Kf4 Nxc3 38. Rd3 Ne2+ 39. Kf3 Nc1
40. Rd1 Nb3 41. d6 Rd8 42. Ke4 Kf7 43. Ke5 a5 44. bxa5 Nxa5 45. Kd5 Nc4 46. Kc5
Rxd6 47. Ra1 Rf6 48. Ra7+ Kg6 49. Kxb5 Ne5 50. Ra2 Nxg4 51. f3 Ne5 52. Rg2+ Kf7
53. f4 Nf3 54. f5 Rxf5+ 55. Kc4 Nh4 56. Rg3 Rf4+ 57. Kd5 Nf5 58. Ke5 Nxg3 59.
hxg3 Rf3 60. g4 Rg3 61. Kf4 Rxg4+ 62. Kxg4 Kf6 63. Kh4 h6 64. Kg4 g6 65. Kh4
g5+ 66. Kg4 Kg6 67. Kg3 h5 68. Kh3 g4+ 69. Kg3 Kg5 70. Kh2 h4 71. Kg2 h3+ 72.
Kg3 Kf5 73. Kf2 Kf4 74. Kg1 g3 75. Kf1 Kf3 76. Ke1 g2 77. Kd2 Kf2 78. Kd3 g1=Q
79. Kd4 h2 80. Kd5 h1=Q+ 81. Kd6 Qhg2 82. Kc7 Q1f1 83. Kb6 Qe1 84. Kb5 Qf3 85.
Ka4 Qfe3 86. Kb5 Q3d2 87. Ka6 {Time forfeit} 1/2-1/2

[Event "Rated Blitz game"]
[Site "?"]
[Date "2021.10.24"]
[Round "?"]
[White "bfeniks"]
[Black "Drakon1976"]
[Result "1-0"]
[ECO "C42"]
[WhiteElo "2385"]
[BlackElo "2462"]
[PlyCount "145"]
[EventDate "2021.??.??"]
[EventType "blitz"]
[TimeControl "180+2"]

1. e4 e5 2. Nf3 Nf6 3. Nxe5 d6 4. Nxf7 Kxf7 5. d4 g6 6. Nc3 Kg7 7. Qd2 h5 8.
Bc4 Qe8 9. f3 Be6 10. Bxe6 Qxe6 11. O-O c6 12. Ne2 Nbd7 13. Qg5 Re8 14. Nf4 Qf7
15. b3 Kh7 16. Qa5 a6 17. Nh3 Kg8 18. Ng5 Qe7 19. Bf4 Bh6 20. Qc7 Nf8 21. Qxe7
Rxe7 22. Rad1 Rd7 23. h4 N6h7 24. Nh3 Bxf4 25. Nxf4 Kg7 26. c4 Nf6 27. Nd3 N8h7
28. Kh2 Re8 29. Kg3 g5 30. hxg5 Nxg5 31. Kh4 Nf7 32. Nf4 Kh6 33. Kg3 Rg8+ 34.
Kf2 Ng5 35. Rh1 c5 36. e5 dxe5 37. dxe5 Rxd1 38. Rxd1 Ne8 39. Rd7 Rg7 40. Rd5
Re7 41. Rxc5 h4 42. b4 Ne6 43. Nxe6 Rxe6 44. f4 Kg6 45. Kf3 Kf5 46. Rc8 Ng7 47.
Rf8+ Kg6 48. Ke4 Rb6 49. a3 a5 50. b5 a4 51. f5+ Kg5 52. Rg8 Kh6 53. f6 Ne6 54.
Kd5 Nf4+ 55. Ke4 Ne6 56. f7 Kh7 57. f8=Q Nxf8 58. Rxf8 Rg6 59. Rf7+ Kh6 60. Kf3
Rg3+ 61. Kf2 Rxa3 62. Rxb7 Ra2+ 63. Kf3 Kg5 64. Ra7 Ra3+ 65. Ke4 Ra2 66. b6
Re2+ 67. Kd3 Rxe5 68. Rxa4 Re7 69. Ra7 Re8 70. b7 Rb8 71. c5 Kg4 72. c6 Rxb7
73. cxb7 {Normal} 1-0

[Event "Rated Blitz game"]
[Site "?"]
[Date "2021.10.24"]
[Round "?"]
[White "Pet24rocket"]
[Black "Raelav"]
[Result "1-0"]
[ECO "C42"]
[WhiteElo "2333"]
[BlackElo "2402"]
[PlyCount "43"]
[EventDate "2021.??.??"]
[EventType "blitz"]
[TimeControl "180"]

1. e4 e5 2. Nf3 Nf6 3. Nxe5 d6 4. Nxf7 Kxf7 5. d4 c6 6. Bd3 Be7 7. O-O Na6 8.
f4 Nb4 9. e5 Ng4 10. Be2 Nh6 11. c3 Na6 12. Nd2 Rf8 13. Qb3+ d5 14. Qc2 Kg8 15.
Bd3 Bf5 16. Nf3 Qd7 17. Bd2 Nc7 18. Rae1 b6 19. Ng5 c5 20. h3 Bxd3 21. Qxd3
cxd4 22. Qxh7# {Normal} 1-0

[Event "Rated Blitz game"]
[Site "?"]
[Date "2021.10.23"]
[Round "?"]
[White "blackbishop79"]
[Black "Dzon_Vejn"]
[Result "0-1"]
[ECO "C42"]
[WhiteElo "2327"]
[BlackElo "2510"]
[PlyCount "84"]
[EventDate "2021.??.??"]
[EventType "blitz"]
[TimeControl "180"]

1. e4 e5 2. Nf3 Nf6 3. Nxe5 d6 4. Nxf7 Kxf7 5. Nc3 c6 6. f4 Be7 7. Be2 Rf8 8.
g4 Kg8 9. g5 Nfd7 10. d3 Nc5 11. Be3 b5 12. Bg4 b4 13. Bxc8 bxc3 14. bxc3 Qxc8
15. Qh5 Qe8 16. Qh3 Qd7 17. Qh5 Nba6 18. O-O Nc7 19. f5 Qe8 20. g6 h6 21. Bxh6
gxh6 22. Qxh6 Rf7 23. gxf7+ Qxf7 24. Rf3 Qh7 25. Rg3+ Kh8 26. Qe3 Rg8 27. Rf1
Rxg3+ 28. hxg3 Bf6 29. Kg2 Qg7 30. d4 Nd7 31. Rh1+ Kg8 32. Rh5 Kf8 33. g4 Qf7
34. Qh6+ Ke8 35. g5 Bg7 36. Qh7 Nf8 37. g6 Qe7 38. Qg8 Qxe4+ 39. Kg3 Qe3+ 40.
Kg2 Qe2+ 41. Kg3 Qxh5 42. Qf7+ Kd8 {Normal} 0-1

[Event "Rated Blitz game"]
[Site "?"]
[Date "2021.10.23"]
[Round "?"]
[White "Sherlock90"]
[Black "TestRun17"]
[Result "1-0"]
[ECO "C42"]
[WhiteElo "2430"]
[BlackElo "2372"]
[PlyCount "57"]
[EventDate "2021.??.??"]
[EventType "blitz"]
[TimeControl "180"]

1. e4 e5 2. Nf3 Nf6 3. Nxe5 d6 4. Nxf7 Kxf7 5. Bc4+ Be6 6. Bxe6+ Kxe6 7. O-O
Be7 8. d4 c6 9. f4 Nxe4 10. d5+ cxd5 11. f5+ Kd7 12. Be3 Nf6 13. Nc3 Qa5 14.
Qf3 Nc6 15. Rad1 Ne5 16. Qh3 Nc4 17. Bd4 Nxb2 18. Rb1 Qa3 19. Qe3 Ne4 20. Rxb2
Qxb2 21. Nxd5 Qxc2 22. Rc1 Qf2+ 23. Qxf2 Nxf2 24. Rc7+ Kd8 25. Kxf2 Bf8 26. f6
Rg8 27. fxg7 Bxg7 28. Bxg7 Rc8 29. Bf6+ {Normal} 1-0

[Event "Rated Blitz tournament autumn21"]
[Site "?"]
[Date "2021.10.23"]
[Round "?"]
[White "ajdbdcucjtbgvf"]
[Black "TCF_Namelecc"]
[Result "0-1"]
[ECO "C42"]
[WhiteElo "2215"]
[BlackElo "2450"]
[PlyCount "54"]
[EventDate "2021.??.??"]
[EventType "blitz"]
[TimeControl "180+2"]

1. e4 e5 2. Nf3 Nf6 3. Nxe5 d6 4. Nxf7 Kxf7 5. d4 c5 6. Bc4+ d5 7. exd5 cxd4 8.
Qxd4 Bd6 9. Nc3 Re8+ 10. Be3 a6 11. a4 Nbd7 12. O-O Bc5 13. d6+ Kf8 14. Qf4 Qb6
15. Nd5 Qxd6 16. Nxf6 Nxf6 17. Bxc5 Qxc5 18. Rfe1 Bd7 19. g4 b5 20. Bd3 Bxg4
21. Bxh7 Bh5 22. b4 Qc6 23. axb5 axb5 24. Rxa8 Rxa8 25. Re5 Bf7 26. Rc5 Ra1+
27. Qc1 Rxc1# {Normal} 0-1